Mustangs vs Thunder
Created - April 8, 2018 at 19:48
Goals
|
| Mustangs |
2 |
0 |
2 |
4 |
| Thunder |
0 |
5 |
0 |
5 |
|
Shots
|
| Mustangs |
13 |
14 |
8 |
35 |
| Thunder |
7 |
18 |
8 |
33 |
|
1st period
1. Mustangs , Tomas Tatar 28 (Rick Schofield 17, Francis Paré 5) at 12:43
2. Mustangs , Jerome Samson 13 (Mark Pysyk 18, Derek Joslin 37) at 15:18
Penalties :
Jay Beagle (TRO) for Holding (Minor) at 5:37, Tomas Tatar (Ham) for Cross-checking (Minor) at 10:28
2nd period
3. Thunder , Ryan Nugent-Hopkins 19 (Dougie Hamilton 30, Mike Hoffman 20) at 1:23
4. Thunder , Austin Wuthrich 2 (David Wolf 3, Dougie Hamilton 31) at 6:10
5. Thunder , Mike Hoffman 17 (Ryan Nugent-Hopkins 52, Mikko Vainonen 8) at 6:46
6. Thunder , Jared Staal 10 (Dany Roussin 55, Joe Labate 6) at 13:48
7. Thunder , Dougie Hamilton 7 (Ryan Nugent-Hopkins 53, Mikko Vainonen 9) at 14:47
Penalties :
Josh Jooris (Ham) for Tripping (Minor) at 7:19
3rd period
8. Mustangs , Marcus Foligno 31 (Derek Joslin 38, Mark Pysyk 19) at 7:59
9. Mustangs , Marcus Foligno 32 (Riley Sheahan 61, Josh Jooris 58) at 13:21 (PP)
Penalties :
Joey Ryan (TRO) for Hooking (Minor) at 1:56, Mikko Vainonen (TRO) for Slashing (Minor) at 13:05, Cameron Gaunce (Ham) for High sticking (Minor) at 18:55
Goalie Stats
Peter Mannino (Ham), 13 saves from 14 shots - (0.929), L, 26-21-5, 26:12 minutes
Chet Pickard (Ham), 15 saves from 19 shots - (0.789), 33:48 minutes
Jake Allen (TRO), 31 saves from 35 shots - (0.886), W, 7-10-0, 60:00 minutes
Players Stats for Mustangs
Player Name G A P +/- PIM S H SB GA TA FO MP PP MP PK MP
------------------------------------------------------------------------------------
Alexei Marchenko 0 0 0 -1 0 1 0 1 1 0 0/0 12:43 0:06 0:00
Andrew Shaw 0 0 0 1 0 3 3 1 0 0 0/1 16:12 2:05 0:00
Brady Skjei 0 0 0 -3 0 1 1 1 0 0 0/0 26:57 2:25 2:55
Cameron Gaunce 0 0 0 -3 2 0 0 3 1 0 0/0 26:13 2:25 2:12
Curtis Hamilton 0 0 0 0 0 0 1 0 0 0 0/0 7:34 0:00 0:05
Derek Joslin 0 2 2 2 0 1 1 0 0 1 0/0 21:03 1:43 2:50
Francis Paré 0 1 1 0 0 4 1 0 0 0 0/0 7:29 0:00 0:00
Jerome Samson 1 0 1 -3 0 3 2 0 0 0 0/1 11:49 0:31 0:00
Jim O'Brien 0 0 0 -3 0 2 0 0 2 1 2/3 13:14 0:27 1:29
Josh Jooris 0 1 1 0 2 3 3 0 3 0 0/0 19:27 1:38 0:00
Joshua Leivo 0 0 0 -3 0 0 1 1 0 0 1/1 12:48 0:37 0:53
Marcus Foligno 2 0 2 0 0 6 1 1 1 1 1/2 22:26 1:39 2:57
Mark Pysyk 0 2 2 2 0 0 0 1 1 0 0/0 19:59 1:43 1:46
Mika Zibanejad 0 0 0 1 0 0 0 2 1 0 8/13 16:47 2:05 0:35
Rick Schofield 0 1 1 0 0 2 1 0 0 0 3/4 7:29 0:00 0:00
Riley Sheahan 0 1 1 0 0 5 1 1 0 0 21/35 22:30 1:42 2:58
Scott Mayfield 0 0 0 -1 0 0 4 1 0 1 0/0 13:04 0:06 0:21
Tomas Tatar 1 0 1 1 2 4 0 2 0 1 0/0 17:11 1:58 1:07
Players Stats for Thunder
Player Name G A P +/- PIM S H SB GA TA FO MP PP MP PK MP
------------------------------------------------------------------------------------
Adam Hall 0 0 0 -1 0 4 5 0 1 0 1/3 21:16 3:00 0:46
Austin Wuthrich 1 0 1 1 0 1 0 1 0 0 1/1 8:42 0:00 0:00
Dany Roussin 0 1 1 1 0 4 3 1 0 0 1/1 16:50 2:02 2:22
Daultan Leveillé 0 0 0 1 0 1 0 0 0 0 5/9 14:28 2:02 0:00
David Fischer 0 0 0 -1 0 0 1 2 0 1 0/0 25:33 2:44 2:35
David Wolf 0 1 1 1 0 1 0 0 0 0 0/1 8:54 0:00 0:12
Dougie Hamilton 1 2 3 2 0 2 0 1 0 0 0/0 20:28 2:18 1:29
Gianluca Curcuruto 0 0 0 1 0 0 0 0 0 0 0/0 4:56 0:00 0:10
Jamie McGinn 0 0 0 0 0 0 0 0 0 0 0/0 0:00 0:00 0:00
Jared Staal 1 0 1 1 0 2 3 0 0 0 0/0 14:28 2:02 0:00
Jay Beagle 0 0 0 -1 2 2 0 0 0 1 9/29 20:29 3:00 0:00
Joe Labate 0 1 1 1 0 2 1 0 0 1 1/5 8:42 0:00 0:00
Joey Ryan 0 0 0 2 2 2 1 2 0 3 0/0 19:22 2:18 0:57
Michael Stone 0 0 0 -1 0 1 0 1 1 2 0/0 25:10 2:44 2:35
Mike Hoffman 1 1 2 1 0 4 2 1 2 0 0/0 13:10 0:00 1:04
Mikko Vainonen 0 2 2 1 2 0 1 0 0 0 0/0 12:38 0:00 0:42
Nikolay Prokhorkin 0 0 0 0 0 0 0 0 0 0 0/0 0:00 0:00 0:00
Peter Andersson 0 0 0 0 0 0 0 1 0 0 0/0 1:36 0:00 0:00
Ryan Nugent-Hopkins 1 2 3 1 0 5 1 0 0 0 2/5 13:06 0:00 1:00
Scott Parse 0 0 0 -1 0 1 1 3 1 1 4/6 22:12 3:00 1:42
Thomas Spelling 0 0 0 1 0 0 0 0 0 0 0/0 12:06 0:00 0:00
Zach Redmond 0 0 0 0 0 1 0 0 0 1 0/0 10:15 0:00 0:00
Zach Stepan 0 0 0 0 0 0 0 0 0 0 0/0 1:22 0:00 1:22
3 Stars
1 - Dougie Hamilton (TRO)
2 - Ryan Nugent-Hopkins (TRO)
3 - Mike Hoffman (TRO)
Power Play
Mustangs - 1 on 3 Attempt(s) - 33.33%
Thunder - 0 on 3 Attempt(s) - 0.00%
Penalty Kill
Mustangs - 3 on 3 Attempt(s) - 100.00%
- Score 0 goal in Penalty Kill
Thunder - 2 on 3 Attempt(s) - 66.67%
- Score 0 goal in Penalty Kill
Team Stat
Mustangs - Hits : 20 - Faceoff Wins : 36 - Blocked Shots : 15 - Penalty Minutes : 6
Thunder - Hits : 19 - Faceoff Wins : 24 - Blocked Shots : 13 - Penalty Minutes : 6
Official
Referees : Pollock Kevin and VanMassenhoven Don
Linesman : Mike Cvik and Lyle Seitz
Game Notes
Peter Andersson is injured at 9:45 of 1st period (Right Foot)
Peter Mannino enters game at 13:48 of 2nd period
Finance
Level 1 -- Attendance: 1577 (78.85%) -- Ticket Income $63,080
Level 2 -- Attendance: 669 (66.90%) -- Ticket Income $13,380
Total Attendance: 2246 (74.87%)
Total Ticket Income: $76,460
Other Income: $3,823
Total Income: $80,283
Mustangs
5 vs 5 Forward
Center Left Wing Right Wing Time % Phy DF OF
1 Riley Sheahan Marcus Foligno Josh Jooris 40 1 2 2
2 Mika Zibanejad Tomas Tatar Andrew Shaw 30 1 2 2
3 Jim O'Brien Joshua Leivo Jerome Samson 20 1 2 2
4 Rick Schofield Curtis Hamilton Francis Paré 10 1 2 2
5 vs 5 Defense
Defense Defense Time % Phy DF OF
1 Cameron Gaunce Brady Skjei 44 1 2 2
2 Derek Joslin Mark Pysyk 33 1 2 2
3 Alexei Marchenko Scott Mayfield 23 1 2 2
4 Cameron Gaunce Brady Skjei 0 1 2 2
PowerPlay Forward
Center Left Wing Right Wing Time % Phy DF OF
1 Riley Sheahan Marcus Foligno Josh Jooris 60 1 2 2
2 Mika Zibanejad Tomas Tatar Andrew Shaw 40 1 2 2
PowerPlay Defense
Defense Defense Time % Phy DF OF
1 Cameron Gaunce Brady Skjei 60 1 2 2
2 Derek Joslin Mark Pysyk 40 1 2 2
Penalty Kill 4 Players Forward
Center Wing Time % Phy DF OF
1 Riley Sheahan Marcus Foligno 60 1 2 2
2 Jim O'Brien Tomas Tatar 40 1 2 2
Penalty Kill 4 Players Defense
Defense Defense Time % Phy DF OF
1 Cameron Gaunce Brady Skjei 60 1 2 2
2 Derek Joslin Mark Pysyk 40 1 2 2
Penalty Kill - 3 Players Forward
Forward Time % Phy DF OF
1 Riley Sheahan 60 1 2 2
2 Jim O'Brien 40 1 2 2
Penalty Kill - 3 Players Defense
Defense Defense Time % Phy DF OF
1 Cameron Gaunce Brady Skjei 60 1 2 2
2 Derek Joslin Mark Pysyk 40 1 2 2
4 vs 4 Forward
Center Wing Time % Phy DF OF
1 Riley Sheahan Marcus Foligno 60 1 2 2
2 Mika Zibanejad Tomas Tatar 40 1 2 2
4 vs 4 Defense
Defense Defense Time % Phy DF OF
1 Cameron Gaunce Brady Skjei 60 1 2 2
2 Derek Joslin Mark Pysyk 40 1 2 2
Last Minutes Offensive
Center Left Wing Right Wing Defense Defense
Riley Sheahan Marcus Foligno Josh Jooris Cameron Gaunce Brady Skjei
Last Minutes Defensive
Center Left Wing Right Wing Defense Defense
Riley Sheahan Marcus Foligno Josh Jooris Cameron Gaunce Brady Skjei
Goaltenders
Starting : Chet Pickard
Backup : Peter Mannino
Extra Forwards
Normal : Riley Sheahan, Mika Zibanejad, Jim O'Brien - PP : Mika Zibanejad, Riley Sheahan - PK : Marcus Foligno
Extra Defensemen
Normal : Brady Skjei, Mark Pysyk, Cameron Gaunce - PP : Brady Skjei - PK : Derek Joslin, Cameron Gaunce
Penalty Shots
Riley Sheahan, Mika Zibanejad, Andrew Shaw, Marcus Foligno, Josh Jooris
Scratches
Roman Horak (Healthy), Andreas Athanasiou (Upper Body Injury), Dominik Uher (Healthy), Joe Finley (Healthy), Eric Knodel (Healthy)
Matthew Finn (Healthy), Danny Biega (Healthy), Raphael Bussieres (Healthy), Sam Kurker (Healthy), Max Gortz (Healthy)
Denis Bodrov (Healthy), Riley Nash (Healthy), Justin Peters (Healthy), Joacim Eriksson (Healthy)
Thunder
5 vs 5 Forward
Center Left Wing Right Wing Time % Phy DF OF
1 Jay Beagle Scott Parse Adam Hall 40 1 2 2
2 Daultan Leveillé Dany Roussin Jared Staal 30 1 2 2
3 Ryan Nugent-Hopkins Mike Hoffman Thomas Spelling 20 1 2 2
4 Joe Labate David Wolf Austin Wuthrich 10 1 2 2
5 vs 5 Defense
Defense Defense Time % Phy DF OF
1 David Fischer Michael Stone 40 1 2 2
2 Dougie Hamilton Joey Ryan 30 1 2 2
3 Zach Redmond Peter Andersson 20 1 2 2
4 Mikko Vainonen Gianluca Curcuruto 10 1 2 2
PowerPlay Forward
Center Left Wing Right Wing Time % Phy DF OF
1 Jay Beagle Scott Parse Adam Hall 60 1 2 2
2 Daultan Leveillé Dany Roussin Jared Staal 40 1 2 2
PowerPlay Defense
Defense Defense Time % Phy DF OF
1 David Fischer Michael Stone 60 1 2 2
2 Dougie Hamilton Joey Ryan 40 1 2 2
Penalty Kill 4 Players Forward
Center Wing Time % Phy DF OF
1 Scott Parse Dany Roussin 60 1 2 2
2 Adam Hall Jay Beagle 40 1 2 2
Penalty Kill 4 Players Defense
Defense Defense Time % Phy DF OF
1 David Fischer Michael Stone 60 1 2 2
2 Dougie Hamilton Joey Ryan 40 1 2 2
Penalty Kill - 3 Players Forward
Forward Time % Phy DF OF
1 Scott Parse 60 1 2 2
2 Dany Roussin 40 1 2 2
Penalty Kill - 3 Players Defense
Defense Defense Time % Phy DF OF
1 David Fischer Michael Stone 60 1 2 2
2 Dougie Hamilton Joey Ryan 40 1 2 2
4 vs 4 Forward
Center Wing Time % Phy DF OF
1 Scott Parse Dany Roussin 60 1 2 2
2 Adam Hall Jay Beagle 40 1 2 2
4 vs 4 Defense
Defense Defense Time % Phy DF OF
1 David Fischer Michael Stone 60 1 2 2
2 Dougie Hamilton Joey Ryan 40 1 2 2
Last Minutes Offensive
Center Left Wing Right Wing Defense Defense
Jay Beagle Scott Parse Adam Hall David Fischer Michael Stone
Last Minutes Defensive
Center Left Wing Right Wing Defense Defense
Jay Beagle Scott Parse Adam Hall David Fischer Michael Stone
Goaltenders
Starting : Jake Allen
Backup : Connor Hellebyuk
Extra Forwards
Normal : Jamie McGinn, Nikolay Prokhorkin, Zach Stepan - PP : Jamie McGinn, Nikolay Prokhorkin - PK : Zach Stepan
Extra Defensemen
Normal : Zach Redmond, Peter Andersson, Mikko Vainonen - PP : Zach Redmond - PK : Peter Andersson, Mikko Vainonen
Penalty Shots
Scott Parse, Dany Roussin, Adam Hall, Jay Beagle, Daultan Leveillé
Scratches
Devan Dubnyk (Healthy), Niklas Treutle (Healthy)
% Time on Ice - Mustangs
Lines # - Real PCT - Wanted PCT - Time Play
Normal Forward
1 - 35% - 40% - 17:50
2 - 28% - 30% - 14:07
3 - 22% - 20% - 11:18
4 - 15% - 10% - 7:29
Normal Defense
1 - 44% - 44% - 22:11
2 - 33% - 33% - 16:30
3 - 24% - 23% - 12:03
4 - 0% - 0% - 0:00
PP Forward
1 - 50% - 60% - 2:06
2 - 50% - 40% - 2:08
PP Defense
1 - 59% - 60% - 2:31
2 - 41% - 40% - 1:43
PK Forward
1 - 71% - 60% - 3:33
2 - 29% - 40% - 1:29
PK Defense
1 - 65% - 60% - 3:16
2 - 35% - 40% - 1:46
PK3 Forward
1 - 0% - 60%
2 - 0% - 40%
PK3 Defense
1 - 0% - 60%
2 - 0% - 40%
44 Forward
1 - 0% - 60%
2 - 0% - 40%
44 Defense
1 - 0% - 60%
2 - 0% - 40%
Last Minute Offensive - 0:00
Last Minute Defensive - 0:00
Total
Forward - 60:00
Defense - 60:00
|
% Time on Ice - Thunder
Lines # - Real PCT - Wanted PCT - Time Play
Normal Forward
1 - 34% - 40% - 17:30
2 - 25% - 30% - 12:26
3 - 24% - 20% - 12:06
4 - 17% - 10% - 8:42
Normal Defense
1 - 39% - 40% - 19:51
2 - 31% - 30% - 15:52
3 - 20% - 20% - 10:15
4 - 9% - 10% - 4:46
PP Forward
1 - 60% - 60% - 3:00
2 - 40% - 40% - 2:02
PP Defense
1 - 54% - 60% - 2:44
2 - 46% - 40% - 2:18
PK Forward
1 - 82% - 60% - 3:28
2 - 18% - 40% - 0:46
PK Defense
1 - 65% - 60% - 2:45
2 - 35% - 40% - 1:29
PK3 Forward
1 - 0% - 60%
2 - 0% - 40%
PK3 Defense
1 - 0% - 60%
2 - 0% - 40%
44 Forward
1 - 0% - 60%
2 - 0% - 40%
44 Defense
1 - 0% - 60%
2 - 0% - 40%
Last Minute Offensive - 0:00
Last Minute Defensive - 0:00
Total
Forward - 60:00
Defense - 60:00
|
Play by Play
1st period
0:01 of 1st period - Riley Sheahan wins face-off versus Jay Beagle in neutral zone.
1:15 of 1st period - Mike Hoffman is hit by Scott Mayfield.
2:10 of 1st period - Off-side.
2:11 of 1st period - Jim O'Brien wins face-off versus Joe Labate in neutral zone.
2:22 of 1st period - Slapshot by Cameron Gaunce.
2:22 of 1st period - Shot Blocked by David Fischer.
3:05 of 1st period - Snap shot by Mika Zibanejad.
3:05 of 1st period - Deflect By Daultan Leveillé.
3:05 of 1st period - Shot Blocked by Dany Roussin.
3:05 of 1st period - Puck is out of play.
3:06 of 1st period - Riley Sheahan wins face-off versus Jay Beagle in Thunder zone.
3:31 of 1st period - Thomas Spelling is hit by Andrew Shaw.
5:13 of 1st period - Snap shot by Rick Schofield.
5:13 of 1st period - Stopped by Jake Allen with a rebound.
5:15 of 1st period - Wrist shot by Rick Schofield.
5:15 of 1st period - Deflect By Francis Paré.
5:15 of 1st period - Stopped by Jake Allen without a rebound.
5:16 of 1st period - Rick Schofield wins face-off versus Jay Beagle in Thunder zone.
5:17 of 1st period - Slapshot by Cameron Gaunce.
5:17 of 1st period - Deflect By Francis Paré.
5:17 of 1st period - Stopped by Jake Allen with a rebound.
5:27 of 1st period - Backhand shot by Jay Beagle.
5:27 of 1st period - Stopped by Chet Pickard with a rebound.
5:37 of 1st period - Minor Penalty to Jay Beagle for Holding.
5:38 of 1st period - Scott Parse wins face-off versus Riley Sheahan in Thunder zone.
6:03 of 1st period - Dany Roussin is hit by Andrew Shaw and loses puck.
6:14 of 1st period - Tomas Tatar is hit by Joey Ryan and loses puck.
7:03 of 1st period - Andrew Shaw is hit by Adam Hall and loses puck.
7:37 of 1st period - Penalty to Jay Beagle is over, Jay Beagle is back on ice.
8:08 of 1st period - Icing by Ryan Nugent-Hopkins.
8:09 of 1st period - Rick Schofield wins face-off versus Joe Labate in Thunder zone.
8:10 of 1st period - Wrist shot by Francis Paré.
8:10 of 1st period - Stopped by Jake Allen with a rebound.
8:12 of 1st period - Slapshot by Alexei Marchenko.
8:12 of 1st period - Shot Blocked by Austin Wuthrich.
8:14 of 1st period - Wrist shot by Rick Schofield.
8:14 of 1st period - Deflect By Francis Paré.
8:14 of 1st period - Stopped by Jake Allen with a rebound.
8:16 of 1st period - Wrist shot by Curtis Hamilton.
8:16 of 1st period - Shot Misses the Net.
8:18 of 1st period - Slapshot by Alexei Marchenko.
8:18 of 1st period - Stopped by Jake Allen without a rebound.
8:19 of 1st period - Jay Beagle wins face-off versus Mika Zibanejad in Thunder zone.
8:46 of 1st period - Dany Roussin is hit by Jerome Samson and loses puck.
9:34 of 1st period - Zach Redmond is hit by Francis Paré and loses puck.
9:45 of 1st period - Snap shot by Rick Schofield.
9:45 of 1st period - Deflect By Francis Paré.
9:45 of 1st period - Shot Blocked by Peter Andersson.
9:45 of 1st period - Peter Andersson from Thunder is injured at 9:45 of 1st period (Right Foot).
9:46 of 1st period - Riley Sheahan wins face-off versus Jay Beagle in Thunder zone.
10:13 of 1st period - Tomas Tatar is hit by Dany Roussin.
10:28 of 1st period - Minor Penalty to Tomas Tatar for Cross-checking.
10:29 of 1st period - Jay Beagle wins face-off versus Riley Sheahan in Mustangs zone.
10:33 of 1st period - Snap shot by Scott Parse.
10:33 of 1st period - Deflect By Adam Hall.
10:33 of 1st period - Shot Blocked by Cameron Gaunce.
10:33 of 1st period - Puck is out of play.
10:34 of 1st period - Riley Sheahan wins face-off versus Adam Hall in Mustangs zone.
10:45 of 1st period - Wrist shot by Marcus Foligno.
10:45 of 1st period - Stopped by Jake Allen without a rebound.
10:46 of 1st period - Riley Sheahan wins face-off versus Jay Beagle in Thunder zone.
11:16 of 1st period - Derek Joslin is hit by Jared Staal and loses puck.
12:28 of 1st period - Penalty to Tomas Tatar is over, Tomas Tatar is back on ice.
12:43 of 1st period - Snap shot by Tomas Tatar.
12:43 of 1st period - Goal by Tomas Tatar - Mustangs : 1 - Thunder : 0.
12:44 of 1st period - Riley Sheahan wins face-off versus Jay Beagle in neutral zone.
13:09 of 1st period - Dany Roussin is hit by Andrew Shaw and loses puck.
13:34 of 1st period - Wrist shot by Ryan Nugent-Hopkins.
13:34 of 1st period - Shot Misses the Net.
13:52 of 1st period - Rick Schofield is hit by Scott Parse and loses puck.
14:01 of 1st period - Slapshot by Jay Beagle.
14:01 of 1st period - Deflect By Derek Joslin.
14:01 of 1st period - Shot Misses the Net.
14:01 of 1st period - Puck is out of play.
14:02 of 1st period - Daultan Leveillé wins face-off versus Marcus Foligno in Mustangs zone.
14:17 of 1st period - Slapshot by Marcus Foligno.
14:17 of 1st period - Deflect By Riley Sheahan.
14:17 of 1st period - Shot Misses the Net.
14:17 of 1st period - Puck is out of play.
14:18 of 1st period - Jay Beagle wins face-off versus Mika Zibanejad in Thunder zone.
14:22 of 1st period - Icing by Jay Beagle.
14:23 of 1st period - Scott Parse wins face-off versus Mika Zibanejad in Thunder zone.
14:36 of 1st period - Slapshot by Andrew Shaw.
14:36 of 1st period - Shot Blocked by David Fischer.
15:16 of 1st period - Wrist shot by Jerome Samson.
15:16 of 1st period - Stopped by Jake Allen with a rebound.
15:18 of 1st period - Snap shot by Mark Pysyk.
15:18 of 1st period - Deflect By Jerome Samson.
15:18 of 1st period - Goal by Jerome Samson - Mustangs : 2 - Thunder : 0.
15:19 of 1st period - Riley Sheahan wins face-off versus Jay Beagle in neutral zone.
15:21 of 1st period - Off-side.
15:22 of 1st period - Riley Sheahan wins face-off versus Jay Beagle in neutral zone.
15:31 of 1st period - Wrist shot by Riley Sheahan.
15:31 of 1st period - Stopped by Jake Allen without a rebound.
15:32 of 1st period - Jay Beagle wins face-off versus Riley Sheahan in Thunder zone.
15:45 of 1st period - Wrist shot by Riley Sheahan.
15:45 of 1st period - Stopped by Jake Allen with a rebound.
15:59 of 1st period - Mika Zibanejad is hit by Dany Roussin and loses puck.
16:04 of 1st period - Snap shot by Dany Roussin.
16:04 of 1st period - Deflect By Jared Staal.
16:04 of 1st period - Stopped by Chet Pickard with a rebound.
16:06 of 1st period - Slapshot by Daultan Leveillé.
16:06 of 1st period - Shot Blocked by Tomas Tatar.
16:08 of 1st period - Snap shot by Dany Roussin.
16:08 of 1st period - Shot Misses the Net.
16:10 of 1st period - Slapshot by Joey Ryan.
16:10 of 1st period - Stopped by Chet Pickard with a rebound.
16:47 of 1st period - Snap shot by Dougie Hamilton.
16:47 of 1st period - Stopped by Chet Pickard without a rebound.
16:48 of 1st period - Riley Sheahan wins face-off versus Joe Labate in Mustangs zone.
17:58 of 1st period - Riley Sheahan is hit by Mikko Vainonen and loses puck.
18:21 of 1st period - Snap shot by Adam Hall.
18:21 of 1st period - Shot Misses the Net.
18:25 of 1st period - Wrist shot by Scott Parse.
18:25 of 1st period - Deflect By Jay Beagle.
18:25 of 1st period - Stopped by Chet Pickard with a rebound.
18:27 of 1st period - Snap shot by Scott Parse.
18:27 of 1st period - Shot Blocked by Cameron Gaunce.
18:49 of 1st period - Slapshot by Brady Skjei.
18:49 of 1st period - Deflect By Joe Labate.
18:49 of 1st period - Stopped by Jake Allen without a rebound.
18:50 of 1st period - Mika Zibanejad wins face-off versus Jay Beagle in Thunder zone.
18:53 of 1st period - Wrist shot by Tomas Tatar.
18:53 of 1st period - Shot Blocked by Michael Stone.
19:01 of 1st period - Wrist shot by Jay Beagle.
19:01 of 1st period - Shot Blocked by Mika Zibanejad.
19:03 of 1st period - Wrist shot by Scott Parse.
19:03 of 1st period - Shot Misses the Net.
19:05 of 1st period - Snap shot by Adam Hall.
19:05 of 1st period - Shot Blocked by Alexei Marchenko.
19:15 of 1st period - Michael Stone is hit by Joshua Leivo.
19:21 of 1st period - Snap shot by Daultan Leveillé.
19:21 of 1st period - Stopped by Chet Pickard with a rebound.
19:37 of 1st period - Wrist shot by Dany Roussin.
19:37 of 1st period - Stopped by Chet Pickard without a rebound.
19:38 of 1st period - Rick Schofield wins face-off versus Ryan Nugent-Hopkins in Mustangs zone.
Goals for this period are 2 for Mustangs vs 0 for Thunder.
Shots for this period are 13 for Mustangs vs 7 for Thunder.
2nd period
0:01 of 2nd period - Riley Sheahan wins face-off versus Jay Beagle in neutral zone.
0:20 of 2nd period - Jay Beagle is hit by Marcus Foligno and loses puck.
0:43 of 2nd period - Slapshot by Daultan Leveillé.
0:43 of 2nd period - Shot Blocked by Tomas Tatar.
1:23 of 2nd period - Wrist shot by Ryan Nugent-Hopkins.
1:23 of 2nd period - Goal by Ryan Nugent-Hopkins - Mustangs : 2 - Thunder : 1.
1:24 of 2nd period - Jay Beagle wins face-off versus Riley Sheahan in neutral zone.
1:41 of 2nd period - Scott Parse is hit by Scott Mayfield and loses puck.
2:34 of 2nd period - Slapshot by Joey Ryan.
2:34 of 2nd period - Stopped by Chet Pickard with a rebound.
2:54 of 2nd period - Snap shot by Tomas Tatar.
2:54 of 2nd period - Shot Misses the Net.
2:56 of 2nd period - Slapshot by Tomas Tatar.
2:56 of 2nd period - Shot Misses the Net.
2:58 of 2nd period - Snap shot by Mika Zibanejad.
2:58 of 2nd period - Shot Blocked by Joey Ryan.
3:16 of 2nd period - Slapshot by Tomas Tatar.
3:16 of 2nd period - Shot Misses the Net.
3:22 of 2nd period - Slapshot by Andrew Shaw.
3:22 of 2nd period - Stopped by Jake Allen with a rebound.
3:32 of 2nd period - Snap shot by Tomas Tatar.
3:32 of 2nd period - Stopped by Jake Allen without a rebound.
3:33 of 2nd period - Riley Sheahan wins face-off versus Scott Parse in Thunder zone.
3:34 of 2nd period - Slapshot by Josh Jooris.
3:34 of 2nd period - Shot Misses the Net.
3:36 of 2nd period - Snap shot by Riley Sheahan.
3:36 of 2nd period - Shot Misses the Net.
3:38 of 2nd period - Snap shot by Marcus Foligno.
3:38 of 2nd period - Stopped by Jake Allen without a rebound.
3:39 of 2nd period - Jay Beagle wins face-off versus Riley Sheahan in Thunder zone.
4:33 of 2nd period - Wrist shot by Jim O'Brien.
4:33 of 2nd period - Stopped by Jake Allen with a rebound.
4:35 of 2nd period - Snap shot by Jim O'Brien.
4:35 of 2nd period - Stopped by Jake Allen with a rebound.
4:59 of 2nd period - Wrist shot by Dany Roussin.
4:59 of 2nd period - Shot Misses the Net.
5:13 of 2nd period - Mike Hoffman is hit by Jerome Samson and loses puck.
6:08 of 2nd period - Slapshot by David Wolf.
6:08 of 2nd period - Stopped by Chet Pickard with a rebound.
6:10 of 2nd period - Wrist shot by Austin Wuthrich.
6:10 of 2nd period - Goal by Austin Wuthrich - Mustangs : 2 - Thunder : 2.
6:11 of 2nd period - Riley Sheahan wins face-off versus Jay Beagle in neutral zone.
6:22 of 2nd period - Wrist shot by Adam Hall.
6:22 of 2nd period - Shot Misses the Net.
6:38 of 2nd period - Slapshot by Mike Hoffman.
6:38 of 2nd period - Stopped by Chet Pickard with a rebound.
6:40 of 2nd period - Wrist shot by Ryan Nugent-Hopkins.
6:40 of 2nd period - Deflect By Josh Jooris.
6:40 of 2nd period - Stopped by Chet Pickard with a rebound.
6:46 of 2nd period - Wrist shot by Mike Hoffman.
6:46 of 2nd period - Goal by Mike Hoffman - Mustangs : 2 - Thunder : 3.
6:47 of 2nd period - Mika Zibanejad wins face-off versus Jay Beagle in neutral zone.
6:58 of 2nd period - Slapshot by Brady Skjei.
6:58 of 2nd period - Deflect By Andrew Shaw.
6:58 of 2nd period - Stopped by Jake Allen without a rebound.
6:59 of 2nd period - Jay Beagle wins face-off versus Riley Sheahan in Thunder zone.
7:10 of 2nd period - Wrist shot by Josh Jooris.
7:10 of 2nd period - Shot Blocked by Scott Parse.
7:12 of 2nd period - Wrist shot by Cameron Gaunce.
7:12 of 2nd period - Deflect By Marcus Foligno.
7:12 of 2nd period - Stopped by Jake Allen without a rebound.
7:13 of 2nd period - Daultan Leveillé wins face-off versus Riley Sheahan in Thunder zone.
7:13 of 2nd period - Dany Roussin is hit by Riley Sheahan.
7:17 of 2nd period - Slapshot by Jared Staal.
7:17 of 2nd period - Shot Misses the Net.
7:19 of 2nd period - Minor Penalty to Josh Jooris for Tripping.
7:20 of 2nd period - Riley Sheahan wins face-off versus Jay Beagle in Mustangs zone.
8:36 of 2nd period - Slapshot by Riley Sheahan.
8:36 of 2nd period - Stopped by Jake Allen with a rebound.
9:19 of 2nd period - Penalty to Josh Jooris is over, Josh Jooris is back on ice.
9:28 of 2nd period - Snap shot by Thomas Spelling.
9:28 of 2nd period - Shot Misses the Net.
9:30 of 2nd period - Snap shot by Thomas Spelling.
9:30 of 2nd period - Deflect By Mike Hoffman.
9:30 of 2nd period - Stopped by Chet Pickard with a rebound.
9:32 of 2nd period - Slapshot by Ryan Nugent-Hopkins.
9:32 of 2nd period - Stopped by Chet Pickard without a rebound.
9:33 of 2nd period - Jim O'Brien wins face-off versus Ryan Nugent-Hopkins in Mustangs zone.
9:33 of 2nd period - Jim O'Brien is hit by Mike Hoffman.
9:39 of 2nd period - Snap shot by Jim O'Brien.
9:39 of 2nd period - Shot Hit the Post.
9:58 of 2nd period - Scott Mayfield is hit by Joe Labate and loses puck.
10:07 of 2nd period - Slapshot by Michael Stone.
10:07 of 2nd period - Shot Blocked by Joshua Leivo.
10:33 of 2nd period - Wrist shot by Dany Roussin.
10:33 of 2nd period - Stopped by Chet Pickard without a rebound.
10:34 of 2nd period - Riley Sheahan wins face-off versus Daultan Leveillé in Mustangs zone.
10:43 of 2nd period - Wrist shot by Josh Jooris.
10:43 of 2nd period - Deflect By Marcus Foligno.
10:43 of 2nd period - Stopped by Jake Allen with a rebound.
10:45 of 2nd period - Slapshot by Cameron Gaunce.
10:45 of 2nd period - Shot Misses the Net.
10:47 of 2nd period - Slapshot by Josh Jooris.
10:47 of 2nd period - Shot Misses the Net.
10:49 of 2nd period - Wrist shot by Josh Jooris.
10:49 of 2nd period - Stopped by Jake Allen without a rebound.
10:50 of 2nd period - Mika Zibanejad wins face-off versus Jay Beagle in Thunder zone.
11:03 of 2nd period - Slapshot by Mika Zibanejad.
11:03 of 2nd period - Deflect By Tomas Tatar.
11:03 of 2nd period - Shot Blocked by Scott Parse.
11:03 of 2nd period - Puck is out of play.
11:04 of 2nd period - Daultan Leveillé wins face-off versus Riley Sheahan in Thunder zone.
11:52 of 2nd period - Snap shot by Josh Jooris.
11:52 of 2nd period - Stopped by Jake Allen with a rebound.
11:54 of 2nd period - Snap shot by Riley Sheahan.
11:54 of 2nd period - Shot Misses the Net.
11:56 of 2nd period - Snap shot by Cameron Gaunce.
11:56 of 2nd period - Shot Misses the Net.
11:58 of 2nd period - Snap shot by Brady Skjei.
11:58 of 2nd period - Shot Misses the Net.
12:06 of 2nd period - Wrist shot by Riley Sheahan.
12:06 of 2nd period - Deflect By Marcus Foligno.
12:06 of 2nd period - Shot Hit the Post.
12:06 of 2nd period - Puck is out of play.
12:07 of 2nd period - Mika Zibanejad wins face-off versus Adam Hall in Thunder zone.
12:10 of 2nd period - Slapshot by Tomas Tatar.
12:10 of 2nd period - Shot Blocked by Scott Parse.
12:22 of 2nd period - Snap shot by Adam Hall.
12:22 of 2nd period - Stopped by Chet Pickard without a rebound.
12:23 of 2nd period - Joshua Leivo wins face-off versus Daultan Leveillé in Mustangs zone.
13:46 of 2nd period - Slapshot by Jared Staal.
13:46 of 2nd period - Shot Misses the Net.
13:48 of 2nd period - Snap shot by Jared Staal.
13:48 of 2nd period - Goal by Jared Staal - Mustangs : 2 - Thunder : 4.
13:48 of 2nd period - Peter Mannino enters game.
13:49 of 2nd period - Riley Sheahan wins face-off versus Jay Beagle in neutral zone.
13:52 of 2nd period - David Fischer is hit by Brady Skjei and loses puck.
14:38 of 2nd period - Alexei Marchenko is hit by Ryan Nugent-Hopkins and loses puck.
14:45 of 2nd period - Snap shot by Ryan Nugent-Hopkins.
14:45 of 2nd period - Shot Misses the Net.
14:47 of 2nd period - Wrist shot by Dougie Hamilton.
14:47 of 2nd period - Deflect By Alexei Marchenko.
14:47 of 2nd period - Goal by Dougie Hamilton - Mustangs : 2 - Thunder : 5.
14:48 of 2nd period - Riley Sheahan wins face-off versus Scott Parse in neutral zone.
14:51 of 2nd period - Wrist shot by Josh Jooris.
14:51 of 2nd period - Stopped by Jake Allen without a rebound.
14:52 of 2nd period - Riley Sheahan wins face-off versus Jay Beagle in Thunder zone.
15:45 of 2nd period - Wrist shot by Joe Labate.
15:45 of 2nd period - Stopped by Peter Mannino with a rebound.
15:47 of 2nd period - Slapshot by Dougie Hamilton.
15:47 of 2nd period - Shot Blocked by Cameron Gaunce.
15:49 of 2nd period - Slapshot by Dougie Hamilton.
15:49 of 2nd period - Deflect By Joe Labate.
15:49 of 2nd period - Stopped by Peter Mannino with a rebound.
16:43 of 2nd period - Wrist shot by Jerome Samson.
16:43 of 2nd period - Shot Misses the Net.
16:51 of 2nd period - Wrist shot by Joshua Leivo.
16:51 of 2nd period - Deflect By Jerome Samson.
16:51 of 2nd period - Stopped by Jake Allen with a rebound.
17:03 of 2nd period - Snap shot by Adam Hall.
17:03 of 2nd period - Stopped by Peter Mannino with a rebound.
17:36 of 2nd period - Off-side.
17:37 of 2nd period - Ryan Nugent-Hopkins wins face-off versus Jim O'Brien in neutral zone.
17:40 of 2nd period - Slapshot by Michael Stone.
17:40 of 2nd period - Deflect By Jim O'Brien.
17:40 of 2nd period - Stopped by Peter Mannino without a rebound.
17:41 of 2nd period - Ryan Nugent-Hopkins wins face-off versus Jerome Samson in Mustangs zone.
18:22 of 2nd period - Snap shot by Jim O'Brien.
18:22 of 2nd period - Shot Blocked by Mike Hoffman.
18:40 of 2nd period - Slapshot by Ryan Nugent-Hopkins.
18:40 of 2nd period - Stopped by Peter Mannino without a rebound.
18:41 of 2nd period - Marcus Foligno wins face-off versus Jay Beagle in Mustangs zone.
18:41 of 2nd period - Marcus Foligno is hit by Adam Hall.
18:57 of 2nd period - Snap shot by Riley Sheahan.
18:57 of 2nd period - Stopped by Jake Allen with a rebound.
19:34 of 2nd period - Snap shot by Rick Schofield.
19:34 of 2nd period - Shot Misses the Net.
19:36 of 2nd period - Snap shot by Rick Schofield.
19:36 of 2nd period - Shot Misses the Net.
19:52 of 2nd period - Backhand shot by Scott Parse.
19:52 of 2nd period - Shot Misses the Net.
19:54 of 2nd period - Snap shot by Scott Parse.
19:54 of 2nd period - Shot Misses the Net.
Goals for this period are 0 for Mustangs vs 5 for Thunder.
Shots for this period are 14 for Mustangs vs 18 for Thunder.
3rd period
0:01 of 3rd period - Scott Parse wins face-off versus Riley Sheahan in neutral zone.
0:12 of 3rd period - Wrist shot by Scott Parse.
0:12 of 3rd period - Shot Misses the Net.
0:14 of 3rd period - Slapshot by Michael Stone.
0:14 of 3rd period - Deflect By Adam Hall.
0:14 of 3rd period - Stopped by Peter Mannino without a rebound.
0:15 of 3rd period - Mika Zibanejad wins face-off versus Daultan Leveillé in Mustangs zone.
0:15 of 3rd period - Mika Zibanejad is hit by Jared Staal.
1:00 of 3rd period - Adam Hall is hit by Josh Jooris and loses puck.
1:17 of 3rd period - Snap shot by Jay Beagle.
1:17 of 3rd period - Shot Misses the Net.
1:25 of 3rd period - Wrist shot by Adam Hall.
1:25 of 3rd period - Shot Blocked by Riley Sheahan.
1:27 of 3rd period - Snap shot by Scott Parse.
1:27 of 3rd period - Stopped by Peter Mannino with a rebound.
1:39 of 3rd period - Wrist shot by Riley Sheahan.
1:39 of 3rd period - Stopped by Jake Allen with a rebound.
1:56 of 3rd period - Minor Penalty to Joey Ryan for Hooking.
1:57 of 3rd period - Dany Roussin wins face-off versus Mika Zibanejad in Thunder zone.
3:03 of 3rd period - Wrist shot by Jerome Samson.
3:03 of 3rd period - Shot Misses the Net.
3:56 of 3rd period - Penalty to Joey Ryan is over, Joey Ryan is back on ice.
4:13 of 3rd period - Mikko Vainonen is hit by Rick Schofield and loses puck.
5:10 of 3rd period - Snap shot by Daultan Leveillé.
5:10 of 3rd period - Shot Blocked by Scott Mayfield.
5:12 of 3rd period - Snap shot by Mike Hoffman.
5:12 of 3rd period - Stopped by Peter Mannino with a rebound.
5:14 of 3rd period - Snap shot by Zach Redmond.
5:14 of 3rd period - Stopped by Peter Mannino with a rebound.
5:16 of 3rd period - Backhand shot by Zach Redmond.
5:16 of 3rd period - Shot Misses the Net.
5:18 of 3rd period - Wrist shot by Ryan Nugent-Hopkins.
5:18 of 3rd period - Stopped by Peter Mannino with a rebound.
5:31 of 3rd period - Icing by Scott Parse.
5:32 of 3rd period - Adam Hall wins face-off versus Riley Sheahan in Thunder zone.
5:52 of 3rd period - Ryan Nugent-Hopkins is hit by Curtis Hamilton and loses puck.
6:10 of 3rd period - Icing by Andrew Shaw.
6:11 of 3rd period - Austin Wuthrich wins face-off versus Mika Zibanejad in Mustangs zone.
6:18 of 3rd period - Wrist shot by Joe Labate.
6:18 of 3rd period - Shot Blocked by Mika Zibanejad.
6:20 of 3rd period - Slapshot by Joe Labate.
6:20 of 3rd period - Shot Blocked by Brady Skjei.
6:22 of 3rd period - Snap shot by Austin Wuthrich.
6:22 of 3rd period - Shot Misses the Net.
6:24 of 3rd period - Slapshot by David Fischer.
6:24 of 3rd period - Shot Blocked by Andrew Shaw.
7:15 of 3rd period - Francis Paré is hit by Mike Hoffman and loses puck.
7:31 of 3rd period - Icing by Dougie Hamilton.
7:32 of 3rd period - Mika Zibanejad wins face-off versus Joe Labate in Thunder zone.
7:33 of 3rd period - Wrist shot by Tomas Tatar.
7:33 of 3rd period - Stopped by Jake Allen without a rebound.
7:34 of 3rd period - Joe Labate wins face-off versus Andrew Shaw in Thunder zone.
7:48 of 3rd period - Off-side.
7:49 of 3rd period - Jay Beagle wins face-off versus Riley Sheahan in neutral zone.
7:59 of 3rd period - Wrist shot by Marcus Foligno.
7:59 of 3rd period - Goal by Marcus Foligno - Mustangs : 3 - Thunder : 5.
8:00 of 3rd period - Riley Sheahan wins face-off versus Jay Beagle in neutral zone.
8:48 of 3rd period - Mika Zibanejad is hit by Dany Roussin and loses puck.
8:57 of 3rd period - Snap shot by Dany Roussin.
8:57 of 3rd period - Stopped by Peter Mannino with a rebound.
9:59 of 3rd period - Wrist shot by Daultan Leveillé.
9:59 of 3rd period - Shot Misses the Net.
10:26 of 3rd period - Off-side.
10:27 of 3rd period - Riley Sheahan wins face-off versus David Wolf in neutral zone.
11:18 of 3rd period - Wrist shot by Rick Schofield.
11:18 of 3rd period - Stopped by Jake Allen without a rebound.
11:19 of 3rd period - Daultan Leveillé wins face-off versus Rick Schofield in Thunder zone.
11:19 of 3rd period - Daultan Leveillé is hit by Derek Joslin.
12:08 of 3rd period - Slapshot by Michael Stone.
12:08 of 3rd period - Deflect By Thomas Spelling.
12:08 of 3rd period - Shot Misses the Net.
12:08 of 3rd period - Puck is out of play.
12:09 of 3rd period - Mika Zibanejad wins face-off versus Ryan Nugent-Hopkins in Mustangs zone.
12:47 of 3rd period - Marcus Foligno is hit by Adam Hall and loses puck.
13:05 of 3rd period - Minor Penalty to Mikko Vainonen for Slashing.
13:06 of 3rd period - Scott Parse wins face-off versus Riley Sheahan in Thunder zone.
13:14 of 3rd period - Michael Stone is hit by Josh Jooris and loses puck.
13:21 of 3rd period - Wrist shot by Marcus Foligno.
13:21 of 3rd period - Goal by Marcus Foligno - Mustangs : 4 - Thunder : 5.
13:22 of 3rd period - Jay Beagle wins face-off versus Riley Sheahan in neutral zone.
13:33 of 3rd period - Snap shot by Adam Hall.
13:33 of 3rd period - Shot Blocked by Marcus Foligno.
13:35 of 3rd period - Snap shot by Adam Hall.
13:35 of 3rd period - Stopped by Peter Mannino without a rebound.
13:36 of 3rd period - Daultan Leveillé wins face-off versus Riley Sheahan in Mustangs zone.
13:37 of 3rd period - Wrist shot by Dany Roussin.
13:37 of 3rd period - Stopped by Peter Mannino without a rebound.
13:38 of 3rd period - Riley Sheahan wins face-off versus Daultan Leveillé in Mustangs zone.
13:47 of 3rd period - Jared Staal is hit by Josh Jooris and loses puck.
14:12 of 3rd period - Tomas Tatar is hit by David Fischer.
14:50 of 3rd period - Wrist shot by David Fischer.
14:50 of 3rd period - Shot Blocked by Mark Pysyk.
14:52 of 3rd period - Slapshot by Michael Stone.
14:52 of 3rd period - Shot Misses the Net.
14:54 of 3rd period - Slapshot by Joe Labate.
14:54 of 3rd period - Shot Misses the Net.
15:17 of 3rd period - Slapshot by Derek Joslin.
15:17 of 3rd period - Shot Misses the Net.
15:47 of 3rd period - Zach Redmond is hit by Scott Mayfield and loses puck.
16:46 of 3rd period - Wrist shot by Andrew Shaw.
16:46 of 3rd period - Stopped by Jake Allen without a rebound.
16:47 of 3rd period - Mika Zibanejad wins face-off versus Jay Beagle in Thunder zone.
16:50 of 3rd period - Slapshot by Tomas Tatar.
16:50 of 3rd period - Stopped by Jake Allen with a rebound.
17:02 of 3rd period - Tomas Tatar is hit by Adam Hall and loses puck.
17:19 of 3rd period - Wrist shot by Derek Joslin.
17:19 of 3rd period - Stopped by Jake Allen with a rebound.
17:44 of 3rd period - Slapshot by Francis Paré.
17:44 of 3rd period - Shot Blocked by Joey Ryan.
17:46 of 3rd period - Slapshot by Derek Joslin.
17:46 of 3rd period - Shot Blocked by Dougie Hamilton.
18:53 of 3rd period - Slapshot by Mike Hoffman.
18:53 of 3rd period - Shot Misses the Net.
18:55 of 3rd period - Minor Penalty to Cameron Gaunce for High sticking.
18:56 of 3rd period - Riley Sheahan wins face-off versus Jay Beagle in Mustangs zone.
18:56 of 3rd period - Riley Sheahan is hit by Adam Hall.
19:22 of 3rd period - Derek Joslin is hit by Jared Staal and loses puck.
19:27 of 3rd period - Wrist shot by Dany Roussin.
19:27 of 3rd period - Shot Misses the Net.
19:51 of 3rd period - Scott Parse is hit by Scott Mayfield and loses puck.
Goals for this period are 2 for Mustangs vs 0 for Thunder.
Shots for this period are 8 for Mustangs vs 8 for Thunder.
Back to the Top